 Dungeon Crawl Stone Soup version 0.25.0-10-g039870ee82 (webtiles) character file.

Game seed: 5037700421059574751

907 MisterFreud the Cleaver (level 8, -1/70 HPs)
             Began as a Hill Orc Fighter on June 22, 2020.
             Slain by an unseen horror (8 damage)
             ... on level 5 of the Dungeon.
             The game lasted 00:06:14 (4692 turns).

MisterFreud the Cleaver (Hill Orc Fighter)          Turns: 4692, Time: 00:06:14

Health: -1/70      AC: 10    Str: 18      XL:     8   Next: 8%
Magic:  8/8        EV:  4    Int:  8      God:
Gold:   214        SH: 14    Dex: 12 (14) Spells: 7/7 levels left

rFire    + . .     SeeInvis .   q - +1 hand axe (flame)
rCold    . . .     Gourm    .   c - +0 kite shield
rNeg     . . .     Faith    .   y - +0 chain mail
rPois    +         Spirit   .   o - +0 helmet
rElec    .         Reflect  +   (no cloak)
rCorr    +         Harm     .   (no gloves)
MR       +....                  (no boots)
Stlth    ..........             m - amulet of reflection
HPRegen  0.21/turn              u - ring of protection from magic
MPRegen  0.11/turn              v - ring "Wiafruha" {rPois rF+ rCorr Str-3 Dex+4}

@: hasted, very quick
A: no striking features
a: no special abilities


You were on level 5 of the Dungeon.
You were not hungry.

You visited 1 branch of the dungeon, and saw 5 of its levels.

You collected 214 gold pieces.

Inventory:

Hand Weapons
 a - a +0 war axe
 q - a +1 hand axe of flaming (weapon)
Armour
 b - a +0 scale mail
 c - a +0 kite shield (worn)
 o - a +0 helmet (worn)
 y - a +0 chain mail (worn)
Jewellery
 m - an amulet of reflection (around neck)
 u - a ring of protection from magic (left hand)
 v - the ring "Wiafruha" (right hand) {rPois rF+ rCorr Str-3 Dex+4}
   (You found it on level 4 of the Dungeon)

   [ring of resist corrosion]

   It affects your strength (-3).
   It affects your dexterity (+4).
   It protects you from fire.
   It protects you from poison.
   It provides partial protection from all sources of acid and corrosion.
Scrolls
 i - 6 scrolls of identify {unknown}
 j - 3 scrolls of amnesia {unknown}
 k - a scroll of enchant weapon {unknown}
 p - 2 scrolls of teleportation {unknown}
 s - 2 scrolls of fog {unknown}
 t - a scroll of enchant armour {unknown}
 w - a scroll of magic mapping {unknown}
 x - 3 scrolls of blinking {unknown}
Potions
 d - a potion of might
 e - a potion of resistance {unknown}
 g - a potion of haste
 h - 2 potions of degeneration {unknown}
 l - a potion of flight {unknown}
 n - 5 potions of curing {unknown}
 r - 4 potions of brilliance {unknown}
Comestibles
 f - 8 rations


   Skills:
 + Level 6.0 Fighting
 + Level 10.5 Axes
 + Level 3.3 Armour
 + Level 3.3 Shields


You had 7 spell levels left.
You didn't know any spells.
Your spell library was empty.

Dungeon Overview and Level Annotations

Branches:
Dungeon (5/15)
 Temple: D:4-7

Altars:
Dithmenos
Fedhas
Wu Jian


Message History

Something hits you. Something hits you.
Something hits you but does no damage. x2
Something hits you but does no damage. x2
Something hits you but does no damage. Something hits you but does no damage.
Something hits you but does no damage.
You hit something but do no damage. Something hits you.
* * * LOW HITPOINT WARNING * * *
You block something's attack.
You closely miss something. Something hits you.
* * * LOW HITPOINT WARNING * * *
Something hits you.
* * * LOW HITPOINT WARNING * * *
Something hits you.
* * * LOW HITPOINT WARNING * * *
Unknown command.
It was a potion of haste.
You feel yourself speed up.
Something hits you but does no damage. x2; Something hits you!
You die...

# ## .# .## ..#
#'###
....###############
....+..........{@.+
....#...#.#########
....#...#.#
###.#...#.#
#.....#.#####
##..........#
#.###......#
#########
####..##......#
#.....(..
...##.##......#
#........


There were no monsters in sight!

Vanquished Creatures
  Sigmund (D:3)
  A sky beast (D:5)
  3 scorpions
  A jelly (D:5)
  A quasit (D:5)
  An orc priest (D:5)
  2 hounds
  3 orc wizards
  3 worker ants
  5 adders
  An ooze (D:4)
  2 adder skeletons (D:4)
  3 worms
  6 dart slugs
  19 orcs
  4 giant cockroaches
  9 goblins
  10 hobgoblins
  9 jackals
  8 kobolds
  2 quokkas
  8 bats
  7 frilled lizards
  6 rats
115 creatures vanquished.

Notes
Turn   | Place    | Note
-------+----------+-------------------------------------------
     0 | D:1      | MisterFreud the Hill Orc Fighter began the quest for the
                  | Orb.
     0 | D:1      | Reached XP level 1. HP: 19/19 MP: 1/1
    68 | D:1      | Reached skill level 3 in Axes
   108 | D:1      | Reached XP level 2. HP: 25/27 MP: 2/2
   422 | D:1      | Reached skill level 4 in Axes
   426 | D:1      | Reached XP level 3. HP: 31/33 MP: 3/3
  1209 | D:2      | Reached XP level 4. HP: 27/41 MP: 4/4
  1518 | D:2      | Reached skill level 5 in Axes
  1674 | D:2      | Reached skill level 5 in Fighting
  1674 | D:2      | Reached XP level 5. HP: 37/48 MP: 5/5
  2131 | D:3      | Reached skill level 6 in Axes
  2303 | D:3      | Noticed Sigmund
  2620 | D:3      | Reached skill level 7 in Axes
  2635 | D:3      | Reached XP level 6. HP: 52/56 MP: 6/6
  2712 | D:3      | Killed Sigmund
  2712 | D:3      | Reached skill level 8 in Axes
  3085 | D:4      | Found an ornate altar of the Wu Jian Council.
  3103 | D:4      | Reached XP level 7. HP: 61/61 MP: 7/7
  3139 | D:4      | Reached skill level 9 in Axes
  3226 | D:4      | Got a slimy golden ring
  3708 | D:5      | Entered Level 5 of the Dungeon
  3756 | D:5      | Reached skill level 10 in Axes
  4255 | D:5      | Reached XP level 8. HP: 46/70 MP: 8/8
  4260 | D:5      | Identified the ring "Wiafruha" {rPois rF+ rCorr Str-3
                  | Dex+4} (You found it on level 4 of the Dungeon)
  4609 | D:5      | Found a shadowy altar of Dithmenos.
  4610 | D:5      | Found a blossoming altar of Fedhas.
  4692 | D:5      | Slain by an unseen horror

Illustrated notes

Levels and vault maps discovered:
D:1:      nzn_arrival_depleted_hourglass, layout_basic, minmay_split_cup_small
D:2:      layout_loops_ring
D:3:      layout_rooms, serial_corexii_hall, corexii_hall_statues_i,
          corexii_hall_statues_s, uniq_sigmund
D:4:      layout_loops_ring, kennysheep_mini_moat, first_ration,
          chequers_serial_rivers_micro_b, grunt_decor_fettered
D:5:      layout_basic, gammafunk_temple_overflow_pools

Skill      XL: |  1  2  3  4  5  6  7  8 |
---------------+-------------------------+-----
Axes           | 3 4 5 7 8 10 | 10.5
Fighting       | 4 5 6 |  6.0
Armour         | |  3.3
Shields        | |  3.3

Action                   |  1- 3 |  4- 6 |  7- 9 || total
-------------------------+-------+-------+-------++-------
Melee: War axe           |   106 |    36 |       ||   142
       Hand axe          |       |   116 |   142 ||   258
  Use: Potion            |       |     1 |     1 ||     2
  Eat: Chunk             |     1 |     6 |     3 ||    10
       Ration            |       |       |     1 ||     1
Armor: Scale mail        |    47 |    48 |    44 ||   139
       Chain mail        |       |       |    24 ||    24
Dodge: Dodged            |    30 |    33 |    30 ||    93
Block: Kite shield       |    57 |    66 |    68 ||   191
